AoeStats
← O grande

Arabian Desert

508761038Analyzed
1v1 RM · 8d ago on Sep 23, 2026· 28m 15s· 2 players
Game mode
Random Map
Map size
Tiny (2 player)
Population
200
Speed
Normal
Resources
Standard
Victory
Conquest
Starting age
Dark Age
Ending age
Imperial Age
RankedLock teamsTeams togetherTeam positionsShared explorationLock speedFull tech treeHidden civsTurbo modeCheats
Victory
Defeat
🇩🇴 Tupi · Dominican Republic
2055
+20
🇧🇷 Tupi · Brazil
2151
-20
RD | Lina
7:48 Loom
10:08 Feudal Age
10:45 Double-Bit Axe
10:46 Champi Runner
14:53 Town Watch
15:23 Fletching
22:16 Castle Age
21:29 Scale Mail Armor
21:24 Horse Collar
22:21 Champi Warrior
23:54 Squires
26:47 Wheelbarrow
27:22 Arson
28:58 Forging
O grande
6:44 Loom
8:58 Feudal Age
12:12 Fletching
16:46 Town Watch
18:47 Padded Archer Armor
18:52 Double-Bit Axe
23:31 Castle Age
21:18 Horse Collar
22:16 Scale Mail Armor
26:22 Squires
Connection lost

Rejoining the realm…

Still unreachable

The connection could not be restored.

Session expired

The server has moved on; the page needs a fresh start.